cohdb
Replays
Latest Replays
All Replays
Popular Replays
Top Player Replays
Match Explorer
How It Works
Community
CoH3 Stats
Reddit
Sign in to upload your games and track your stats! →
Sign in with Steam
Match 47194502
Unlisted
Match 47194502
Overview
Messages
Build Orders
End
Construct Infanterie Kompanie
Selects Mechanized Battlegroup
Grenadier Squad
Grenadier Squad
Grenadier Squad
MG 42 Machine Gun Team
MG 42 Machine Gun Team
Construct Panzergrenadier Kompanie
Selects Raid Package
Pak 40 Anti-tank Gun Team
Panzergrenadier Squad
Selects 8 Rad Armored Car
8 Rad Armored Car
Support Elements
8 Rad Armored Car
Selects Mobile Repair Stations
Comnick
mentoss
0
0
Comments
sign in to comment!
No comments posted yet!